2058 views
Uploaded 2022-09-02 20:12:29
Game version 1.32.10
29:53 long 3on3 ladder game on (8)Battleground_LV
Saved by Cabeelibob
2058 views
Uploaded 2022-09-02 20:12:29
Game version 1.32.10
29:53 long 3on3 ladder game on (8)Battleground_LV


89 units @ 9.1k
/ 1.3k
120 buildings @ 10k
/ 4.7k



| Healing Salve | 1 | 100 |
| total: | 1 | 100g |
| Peasant | 22 | 1650 | / | 0 |
| Flying Machine | 13 | 1300 | / | 390 |
| Mortar Team | 7 | 1260 | / | 490 |
| total: | 42 | 4210g | / | 880w |
| Scout Tower | 26 | 780 | / | 520 |
| Arcane Tower | 3 | 210 | / | 150 |
| Guard Tower | 9 | 630 | / | 450 |
| Altar of Kings | 2 | 360 | / | 100 |
| Farm | 13 | 1040 | / | 260 |
| Lumber Mill | 1 | 120 | / | 0 |
| Town Hall | 1 | 385 | / | 205 |
| Blacksmith | 1 | 140 | / | 60 |
| Workshop | 3 | 420 | / | 420 |
| Keep | 1 | 320 | / | 210 |
| Castle | 1 | 360 | / | 210 |
| total: | 47 | 3245g | / | 1565w |
| 0:02 | Peasant |
| 0:08 | Peasant |
| 0:18 | Altar of Kings |
| 0:20 | Peasant |
| 0:31 | Peasant |
| 0:34 | Farm |
| 0:35 | Peasant |
| 0:48 | Lumber Mill |
| 0:50 | Peasant |
| 0:52 | Peasant |
| 0:53 | Peasant |
| 1:08 | Farm |
| 1:10 | Scout Tower |
| 1:13 | Peasant |
| 1:29 | Peasant |
| 1:42 | Arcane Tower |
| 1:49 | Farm |
| 1:51 | Improved Lumber Harvesting |
| 1:52 | Peasant |
| 2:11 | Peasant |
| 2:17 | Scout Tower |
| 2:17 | Scout Tower |
| 2:18 | Scout Tower |
| 2:18 | Scout Tower |
| 2:19 | Scout Tower |
| 2:22 | Peasant |
| 2:35 | Storm Bolt |
| 2:51 | Guard Tower |
| 3:08 | Scout Tower |
| 3:36 | Town Hall |
| 3:42 | Peasant |
| 3:44 | Peasant |
| 3:51 | Guard Tower |
| 3:59 | Peasant |
| 4:01 | Improved Masonry |
| 4:09 | Guard Tower |
| 4:15 | Peasant |
| 4:32 | Guard Tower |
| 4:38 | Peasant |
| 5:07 | Peasant |
| 5:07 | Peasant |
| 5:10 | Keep |
| 5:14 | Peasant |
| 5:19 | Peasant |
| 6:00 | Healing Salve |
| 6:06 | Scout Tower |
| 6:07 | Scout Tower |
| 6:08 | Scout Tower |
| 6:38 | Guard Tower |
| 6:42 | Blacksmith |
| 7:25 | Farm |
| 7:25 | Farm |
| 7:28 | Farm |
| 7:28 | Farm |
| 7:48 | Arcane Tower |
| 7:49 | Scout Tower |
| 7:51 | Castle |
| 8:06 | Advanced Lumber Harvesting |
| 8:06 | Advanced Masonry |
| 8:16 | Black Gunpowder |
| 8:17 | Iron Plating |
| 9:03 | Scout Tower |
| 9:03 | Scout Tower |
| 9:04 | Scout Tower |
| 9:04 | Scout Tower |
| 9:05 | Scout Tower |
| 9:06 | Scout Tower |
| 9:09 | Scout Tower |
| 9:09 | Scout Tower |
| 9:10 | Scout Tower |
| 9:11 | Scout Tower |
| 9:13 | Scout Tower |
| 9:22 | Arcane Tower |
| 9:27 | Refined Gunpowder |
| 9:46 | Guard Tower |
| 9:49 | Scout Tower |
| 9:51 | Scout Tower |
| 10:09 | Guard Tower |
| 11:22 | Workshop |
| 11:24 | Workshop |
| 11:25 | Workshop |
| 11:33 | Steel Plating |
| 11:38 | Guard Tower |
| 11:42 | Imbued Masonry |
| 11:49 | Farm |
| 11:50 | Farm |
| 12:11 | Flying Machine Bombs |
| 12:11 | Fragmentation Shards |
| 12:12 | Flak Cannons |
| 12:14 | Flare |
| 12:47 | Imbued Gunpowder |
| 13:10 | Mithril Plating |
| 13:31 | Flying Machine |
| 13:31 | Flying Machine |
| 13:31 | Flying Machine |
| 13:32 | Flying Machine |
| 13:32 | Flying Machine |
| 13:32 | Flying Machine |
| 13:32 | Flying Machine |
| 14:16 | Flying Machine |
| 14:16 | Flying Machine |
| 14:16 | Flying Machine |
| 14:21 | Scout Tower |
| 14:22 | Scout Tower |
| 14:53 | Guard Tower |
| 15:07 | Flying Machine |
| 15:08 | Flying Machine |
| 15:17 | Flying Machine |
| 16:47 | Mortar Team |
| 16:51 | Farm |
| 16:52 | Farm |
| 16:53 | Farm |
| 16:55 | Farm |
| 18:47 | Storm Bolt |
| 18:48 | Storm Bolt |
| 18:49 | Divine Shield |
| 18:50 | Divine Shield |
| 18:52 | Mortar Team |
| 24:25 | Bash |
| 24:26 | Bash |
| 24:27 | Holy Light |
| 25:56 | Altar of Kings |
| 27:44 | Mortar Team |
| 27:44 | Mortar Team |
| 27:44 | Mortar Team |
| 27:44 | Mortar Team |
| 27:44 | Mortar Team |
| 27:52 | Brilliance Aura |
| Right click | 946 |
| Select group | 411 |
| Select | 279 |
| Build/train/purchase | 109 |
| Misc. action | 79 |
| Use ability | 76 |
| Assign group | 10 |
| Minimap ping | 7 |
| Remove unit | 1 |


| Orb of Fire | 1 | 325 |
| total: | 1 | 325g |
| Peasant | 19 | 1425 | / | 0 |
| Dragonhawk Rider | 6 | 1200 | / | 180 |
| total: | 25 | 2625g | / | 180w |
| Scout Tower | 38 | 1140 | / | 760 |
| Arcane Tower | 7 | 490 | / | 350 |
| Guard Tower | 8 | 560 | / | 400 |
| Altar of Kings | 1 | 180 | / | 50 |
| Farm | 8 | 640 | / | 160 |
| Lumber Mill | 1 | 120 | / | 0 |
| Town Hall | 3 | 1155 | / | 615 |
| Arcane Vault | 1 | 130 | / | 30 |
| Blacksmith | 1 | 140 | / | 60 |
| Barracks | 1 | 160 | / | 60 |
| Gryphon Aviary | 1 | 140 | / | 150 |
| Arcane Sanctum | 1 | 150 | / | 140 |
| Keep | 1 | 320 | / | 210 |
| Castle | 1 | 360 | / | 210 |
| total: | 56 | 3955g | / | 2025w |
| 0:04 | Peasant |
| 0:04 | Peasant |
| 0:09 | Altar of Kings |
| 0:18 | Farm |
| 0:20 | Peasant |
| 0:28 | Peasant |
| 0:36 | Farm |
| 0:40 | Lumber Mill |
| 0:48 | Peasant |
| 0:55 | Peasant |
| 1:06 | Peasant |
| 1:15 | Peasant |
| 1:24 | Scout Tower |
| 1:36 | Farm |
| 1:37 | Peasant |
| 1:43 | Improved Lumber Harvesting |
| 1:47 | Peasant |
| 1:52 | Arcane Tower |
| 2:08 | Peasant |
| 2:09 | Peasant |
| 2:17 | Peasant |
| 2:27 | Storm Bolt |
| 2:32 | Peasant |
| 3:05 | Scout Tower |
| 3:07 | Scout Tower |
| 3:08 | Scout Tower |
| 3:09 | Scout Tower |
| 3:28 | Improved Masonry |
| 4:01 | Keep |
| 4:04 | Guard Tower |
| 4:07 | Scout Tower |
| 4:07 | Scout Tower |
| 4:08 | Scout Tower |
| 4:14 | Scout Tower |
| 4:18 | Scout Tower |
| 4:19 | Scout Tower |
| 4:58 | Arcane Tower |
| 4:59 | Guard Tower |
| 5:02 | Scout Tower |
| 5:03 | Scout Tower |
| 5:03 | Scout Tower |
| 5:04 | Scout Tower |
| 5:20 | Scout Tower |
| 5:21 | Scout Tower |
| 5:29 | Scout Tower |
| 5:38 | Town Hall |
| 5:41 | Arcane Tower |
| 5:43 | Arcane Tower |
| 5:56 | Scout Tower |
| 5:57 | Scout Tower |
| 5:58 | Scout Tower |
| 5:58 | Scout Tower |
| 6:05 | Scout Tower |
| 6:05 | Scout Tower |
| 6:06 | Scout Tower |
| 6:09 | Guard Tower |
| 6:10 | Guard Tower |
| 6:15 | Guard Tower |
| 6:23 | Peasant |
| 6:23 | Peasant |
| 7:15 | Castle |
| 7:22 | Scout Tower |
| 7:23 | Scout Tower |
| 7:23 | Scout Tower |
| 7:24 | Scout Tower |
| 7:27 | Peasant |
| 7:48 | Guard Tower |
| 7:51 | Scout Tower |
| 7:54 | Scout Tower |
| 8:03 | Guard Tower |
| 8:41 | Arcane Tower |
| 8:43 | Scout Tower |
| 8:45 | Scout Tower |
| 8:46 | Scout Tower |
| 8:47 | Scout Tower |
| 8:48 | Scout Tower |
| 8:50 | Scout Tower |
| 8:50 | Scout Tower |
| 8:53 | Guard Tower |
| 8:58 | Advanced Masonry |
| 9:19 | Holy Light |
| 9:22 | Holy Light |
| 9:30 | Gryphon Aviary |
| 9:46 | Arcane Vault |
| 10:27 | Arcane Tower |
| 10:29 | Arcane Tower |
| 10:38 | Arcane Sanctum |
| 10:45 | Imbued Masonry |
| 11:26 | Cloud |
| 11:27 | Dragonhawk Rider |
| 11:27 | Dragonhawk Rider |
| 11:28 | Dragonhawk Rider |
| 11:31 | Farm |
| 11:31 | Farm |
| 11:33 | Farm |
| 11:45 | Blacksmith |
| 11:50 | Orb of Fire |
| 12:15 | Magic Sentry |
| 13:34 | Studded Leather Armor |
| 13:38 | Barracks |
| 14:38 | Reinforced Leather Armor |
| 14:50 | Animal War Training |
| 14:55 | Farm |
| 14:57 | Farm |
| 16:07 | Dragonhide Armor |
| 23:40 | Dragonhawk Rider |
| 23:57 | Town Hall |
| 24:08 | Town Hall |
| 24:15 | Holy Light |
| 25:39 | Peasant |
| 26:23 | Peasant |
| 28:31 | Dragonhawk Rider |
| 28:31 | Dragonhawk Rider |
| 29:45 | Divine Shield |
| Right click | 1188 |
| Select group | 1031 |
| Select | 318 |
| Build/train/purchase | 95 |
| Use ability | 27 |
| Minimap ping | 27 |
| Resource trade | 17 |
| Assign group | 12 |
| Misc. action | 5 |
| Chat | 4 |
| Esc | 2 |
Cabeelibob
(194)
(29:46) : 
| Healing Salve | 1 | 100 |
| Lesser Clarity Potion | 7 | 490 |
| Orb of Lightning | 1 | 375 |
| Potion of Mana | 1 | 200 |
| Staff of Teleportation | 1 | 150 |
| Boots of Speed | 1 | 250 |
| total: | 12 | 1565g |
| Peon | 16 | 1200 | / | 0 |
| Troll Witch Doctor | 4 | 580 | / | 100 |
| Kodo Beast | 2 | 510 | / | 120 |
| total: | 22 | 2290g | / | 220w |
| Watch Tower | 4 | 440 | / | 320 |
| Altar of Storms | 1 | 180 | / | 50 |
| Orc Burrow | 5 | 800 | / | 200 |
| War Mill | 2 | 410 | / | 0 |
| Voodoo Lounge | 2 | 260 | / | 60 |
| Great Hall | 1 | 385 | / | 185 |
| Spirit Lodge | 1 | 150 | / | 150 |
| Beastiary | 1 | 145 | / | 140 |
| Stronghold | 1 | 315 | / | 190 |
| Fortress | 1 | 325 | / | 190 |
| total: | 17 | 2770g | / | 1105w |
| 0:04 | Altar of Storms |
| 0:08 | Orc Burrow |
| 0:08 | Peon |
| 0:10 | Peon |
| 0:24 | Peon |
| 0:41 | Peon |
| 0:52 | Peon |
| 0:58 | War Mill |
| 1:13 | Peon |
| 1:22 | Orc Burrow |
| 1:36 | Peon |
| 1:44 | Voodoo Lounge |
| 1:55 | Voodoo Lounge |
| 1:59 | Peon |
| 2:05 | Peon |
| 2:09 | Wind Walk |
| 2:20 | Watch Tower |
| 2:23 | Peon |
| 2:37 | Orc Burrow |
| 2:54 | Peon |
| 2:54 | Peon |
| 2:54 | Peon |
| 3:16 | Watch Tower |
| 3:32 | Peon |
| 4:19 | Critical Strike |
| 4:20 | Bash |
| 4:21 | Bash |
| 4:35 | Watch Tower |
| 5:46 | Peon |
| 5:46 | Peon |
| 5:56 | Watch Tower |
| 6:03 | Great Hall |
| 6:12 | Healing Salve |
| 6:15 | Lesser Clarity Potion |
| 6:17 | Lesser Clarity Potion |
| 6:41 | Staff of Teleportation |
| 6:43 | Boots of Speed |
| 8:52 | Stronghold |
| 8:57 | War Mill |
| 9:14 | Lesser Clarity Potion |
| 10:09 | Critical Strike |
| 11:22 | Fortress |
| 11:25 | Spirit Lodge |
| 11:29 | Beastiary |
| 11:39 | Lesser Clarity Potion |
| 12:58 | Witch Doctor Adept Training |
| 14:25 | Witch Doctor Master Training |
| 14:26 | Troll Witch Doctor |
| 14:26 | Troll Witch Doctor |
| 14:26 | Troll Witch Doctor |
| 14:26 | Troll Witch Doctor |
| 14:31 | Orc Burrow |
| 14:31 | Orc Burrow |
| 14:33 | War Drums Damage Increase |
| 14:33 | Kodo Beast |
| 14:34 | Kodo Beast |
| 15:30 | Wind Walk |
| 16:11 | Reinforced Defenses |
| 18:25 | Orb of Lightning |
| 19:49 | Critical Strike |
| 21:31 | Lesser Clarity Potion |
| 23:00 | Bladestorm |
| 24:19 | Lesser Clarity Potion |
| 24:22 | Potion of Mana |
| 26:52 | Lesser Clarity Potion |
| 29:34 | Wind Walk |
| Right click | 1204 |
| Select | 164 |
| Misc. action | 124 |
| Build/train/purchase | 93 |
| Select group | 82 |
| Resource trade | 29 |
| Chat | 17 |
| Item give/drop | 14 |
| Use ability | 10 |
| Assign group | 2 |
| Minimap ping | 2 |
| Esc | 1 |
169 units @ 21.1k
/ 3.1k
115 buildings @ 16.9k
/ 8.6k


| Scroll of Regeneration | 3 | 300 |
| Lesser Clarity Potion | 1 | 70 |
| Ivory Tower | 2 | 80 |
| total: | 6 | 450g |
| Peasant | 22 | 1650 | / | 0 |
| Footman | 6 | 810 | / | 0 |
| Rifleman | 5 | 1025 | / | 150 |
| Sorceress | 1 | 155 | / | 20 |
| Priest | 2 | 270 | / | 20 |
| Knight | 2 | 490 | / | 120 |
| Gryphon Rider | 5 | 1400 | / | 350 |
| Siege Engine | 4 | 780 | / | 240 |
| Mortar Team | 11 | 1980 | / | 770 |
| total: | 58 | 8560g | / | 1670w |
| Scout Tower | 9 | 270 | / | 180 |
| Arcane Tower | 1 | 70 | / | 50 |
| Guard Tower | 10 | 700 | / | 500 |
| Altar of Kings | 1 | 180 | / | 50 |
| Farm | 13 | 1040 | / | 260 |
| Barracks | 1 | 160 | / | 60 |
| Arcane Vault | 1 | 130 | / | 30 |
| Blacksmith | 1 | 140 | / | 60 |
| Lumber Mill | 1 | 120 | / | 0 |
| Town Hall | 1 | 385 | / | 205 |
| Arcane Sanctum | 1 | 150 | / | 140 |
| Gryphon Aviary | 2 | 280 | / | 300 |
| Workshop | 4 | 560 | / | 560 |
| Keep | 1 | 320 | / | 210 |
| Castle | 1 | 360 | / | 210 |
| total: | 35 | 3415g | / | 1845w |
| 0:05 | Altar of Kings |
| 0:06 | Peasant |
| 0:06 | Peasant |
| 0:10 | Farm |
| 0:24 | Barracks |
| 0:40 | Peasant |
| 0:49 | Farm |
| 1:00 | Peasant |
| 1:17 | Peasant |
| 1:27 | Footman |
| 1:33 | Arcane Vault |
| 1:39 | Peasant |
| 1:45 | Farm |
| 1:58 | Footman |
| 2:11 | Holy Light |
| 2:41 | Farm |
| 2:57 | Footman |
| 2:58 | Footman |
| 3:07 | Peasant |
| 3:07 | Peasant |
| 3:12 | Scroll of Regeneration |
| 3:21 | Farm |
| 3:27 | Farm |
| 3:40 | Footman |
| 4:10 | Footman |
| 4:16 | Blacksmith |
| 4:27 | Devotion Aura |
| 4:31 | Lesser Clarity Potion |
| 5:28 | Scout Tower |
| 5:36 | Scroll of Regeneration |
| 5:42 | Scout Tower |
| 6:11 | Arcane Tower |
| 6:16 | Lumber Mill |
| 6:22 | Keep |
| 6:24 | Rifleman |
| 6:25 | Rifleman |
| 6:53 | Farm |
| 7:18 | Defend |
| 7:20 | Guard Tower |
| 7:28 | Improved Lumber Harvesting |
| 7:35 | Town Hall |
| 8:56 | Holy Light |
| 8:59 | Rifleman |
| 9:01 | Long Rifles |
| 9:06 | Scroll of Regeneration |
| 9:20 | Arcane Sanctum |
| 9:24 | Iron Plating |
| 9:32 | Ivory Tower |
| 9:39 | Ivory Tower |
| 9:46 | Improved Masonry |
| 10:03 | Guard Tower |
| 10:03 | Guard Tower |
| 10:16 | Castle |
| 10:42 | Sorceress |
| 10:42 | Priest |
| 10:53 | Peasant |
| 10:53 | Peasant |
| 10:54 | Peasant |
| 10:54 | Peasant |
| 10:59 | Scout Tower |
| 11:16 | Priest Adept Training |
| 11:16 | Sorceress Adept Training |
| 11:25 | Iron Forged Swords |
| 11:27 | Guard Tower |
| 11:29 | Scout Tower |
| 11:45 | Storm Bolt |
| 12:08 | Guard Tower |
| 12:09 | Scout Tower |
| 12:57 | Knight |
| 12:57 | Knight |
| 13:25 | Guard Tower |
| 13:28 | Scout Tower |
| 13:34 | Advanced Masonry |
| 13:39 | Priest Master Training |
| 13:44 | Animal War Training |
| 13:52 | Gryphon Aviary |
| 13:53 | Peasant |
| 13:53 | Peasant |
| 13:58 | Gryphon Aviary |
| 14:07 | Peasant |
| 14:07 | Peasant |
| 14:08 | Peasant |
| 14:11 | Guard Tower |
| 14:46 | Priest |
| 16:14 | Peasant |
| 16:37 | Peasant |
| 16:38 | Peasant |
| 17:12 | Gryphon Rider |
| 17:16 | Farm |
| 17:18 | Farm |
| 17:51 | Studded Leather Armor |
| 18:04 | Gryphon Rider |
| 18:04 | Gryphon Rider |
| 18:06 | Gryphon Rider |
| 18:06 | Gryphon Rider |
| 18:10 | Farm |
| 18:11 | Farm |
| 19:30 | Workshop |
| 19:33 | Workshop |
| 19:49 | Workshop |
| 19:53 | Workshop |
| 20:43 | Bash |
| 20:59 | Siege Engine |
| 21:01 | Siege Engine |
| 21:19 | Siege Engine |
| 21:20 | Siege Engine |
| 21:45 | Black Gunpowder |
| 21:48 | Imbued Masonry |
| 21:57 | Peasant |
| 21:57 | Peasant |
| 22:20 | Rifleman |
| 22:20 | Rifleman |
| 22:29 | Scout Tower |
| 22:31 | Scout Tower |
| 22:34 | Scout Tower |
| 22:50 | Steel Plating |
| 23:06 | Mortar Team |
| 23:07 | Mortar Team |
| 23:07 | Mortar Team |
| 23:07 | Mortar Team |
| 23:24 | Guard Tower |
| 23:25 | Guard Tower |
| 23:45 | Farm |
| 23:46 | Guard Tower |
| 26:00 | Mortar Team |
| 26:00 | Mortar Team |
| 26:00 | Mortar Team |
| 26:00 | Mortar Team |
| 26:01 | Mortar Team |
| 27:17 | Farm |
| 27:41 | Mortar Team |
| 27:41 | Mortar Team |
| Right click | 1512 |
| Select | 426 |
| Build/train/purchase | 128 |
| Misc. action | 27 |
| Use ability | 13 |
| Esc | 13 |
| Minimap ping | 13 |
| Select group | 8 |
| Assign group | 4 |
| Item give/drop | 1 |
| Remove unit | 1 |


| Rod of Necromancy | 3 | 450 |
| Ritual Dagger | 1 | 125 |
| Dust of Appearance | 1 | 75 |
| Scroll of Town Portal | 3 | 1050 |
| Staff of Teleportation | 1 | 150 |
| total: | 9 | 1850g |
| Acolyte | 21 | 1575 | / | 0 |
| Ghoul | 8 | 960 | / | 0 |
| Crypt Fiend | 9 | 1935 | / | 360 |
| Obsidian Statue | 3 | 600 | / | 105 |
| Frost Wyrm | 2 | 770 | / | 240 |
| Gargoyle | 3 | 525 | / | 90 |
| total: | 46 | 6365g | / | 795w |
| Nerubian Tower | 2 | 200 | / | 40 |
| Spirit Tower | 4 | 580 | / | 160 |
| Crypt | 3 | 600 | / | 150 |
| Altar of Darkness | 1 | 180 | / | 50 |
| Ziggurat | 12 | 1800 | / | 600 |
| Graveyard | 3 | 645 | / | 0 |
| Tomb of Relics | 1 | 130 | / | 30 |
| Necropolis | 2 | 450 | / | 0 |
| Slaughterhouse | 2 | 280 | / | 270 |
| Boneyard | 3 | 525 | / | 600 |
| Halls of the Dead | 1 | 320 | / | 210 |
| Black Citadel | 1 | 325 | / | 230 |
| total: | 27 | 4610g | / | 1700w |
| 0:12 | Crypt |
| 0:14 | Acolyte |
| 0:14 | Acolyte |
| 0:18 | Altar of Darkness |
| 0:29 | Ziggurat |
| 0:30 | Ziggurat |
| 0:38 | Acolyte |
| 1:08 | Graveyard |
| 1:11 | Graveyard |
| 1:21 | Ghoul |
| 1:36 | Ghoul |
| 1:48 | Tomb of Relics |
| 2:02 | Ziggurat |
| 2:24 | Death Coil |
| 2:32 | Crypt Fiend |
| 2:52 | Rod of Necromancy |
| 3:14 | Crypt Fiend |
| 3:31 | Halls of the Dead |
| 4:37 | Crypt Fiend |
| 4:39 | Crypt Fiend |
| 5:00 | Rod of Necromancy |
| 5:54 | Slaughterhouse |
| 6:02 | Ziggurat |
| 6:38 | Ziggurat |
| 6:57 | Web |
| 7:17 | Unholy Aura |
| 7:42 | Ghoul |
| 7:42 | Ghoul |
| 7:42 | Ghoul |
| 7:54 | Dust of Appearance |
| 8:10 | Obsidian Statue |
| 8:10 | Obsidian Statue |
| 8:14 | Creature Attack |
| 8:28 | Death Coil |
| 8:37 | Acolyte |
| 8:37 | Acolyte |
| 9:11 | Necropolis |
| 9:26 | Crypt Fiend |
| 9:26 | Crypt Fiend |
| 9:30 | Improved Creature Attack |
| 10:12 | Crypt Fiend |
| 11:15 | Acolyte |
| 11:15 | Acolyte |
| 11:21 | Frost Nova |
| 11:27 | Rod of Necromancy |
| 11:27 | Ritual Dagger |
| 11:51 | Acolyte |
| 11:51 | Acolyte |
| 12:40 | Acolyte |
| 12:41 | Acolyte |
| 12:43 | Acolyte |
| 12:43 | Acolyte |
| 13:09 | Ziggurat |
| 13:13 | Ziggurat |
| 13:16 | Ziggurat |
| 13:51 | Black Citadel |
| 13:58 | Creature Carapace |
| 14:27 | Nerubian Tower |
| 14:30 | Nerubian Tower |
| 14:31 | Spirit Tower |
| 14:32 | Spirit Tower |
| 14:34 | Spirit Tower |
| 14:39 | Frost Armor |
| 15:04 | Crypt Fiend |
| 15:04 | Crypt Fiend |
| 15:10 | Obsidian Statue |
| 15:14 | Improved Creature Carapace |
| 15:27 | Acolyte |
| 15:27 | Acolyte |
| 16:22 | Boneyard |
| 16:23 | Boneyard |
| 16:29 | Boneyard |
| 16:34 | Necropolis |
| 16:40 | Acolyte |
| 17:21 | Unholy Aura |
| 17:45 | Freezing Breath |
| 17:45 | Frost Wyrm |
| 17:47 | Frost Wyrm |
| 18:02 | Ziggurat |
| 18:02 | Ziggurat |
| 18:03 | Ziggurat |
| 18:04 | Ziggurat |
| 18:07 | Crypt |
| 18:08 | Crypt |
| 18:24 | Ghoul |
| 18:24 | Ghoul |
| 19:08 | Spirit Tower |
| 19:13 | Graveyard |
| 19:16 | Ghoul |
| 19:35 | Slaughterhouse |
| 19:54 | Scroll of Town Portal |
| 19:55 | Scroll of Town Portal |
| 20:52 | Gargoyle |
| 20:52 | Gargoyle |
| 20:55 | Acolyte |
| 20:59 | Acolyte |
| 21:40 | Gargoyle |
| 22:02 | Acolyte |
| 22:02 | Acolyte |
| 22:03 | Acolyte |
| 22:50 | Scroll of Town Portal |
| 22:52 | Staff of Teleportation |
| Right click | 902 |
| Select | 387 |
| Build/train/purchase | 94 |
| Misc. action | 77 |
| Select group | 71 |
| Use ability | 23 |
| Assign group | 16 |
| Minimap ping | 10 |
| Esc | 8 |
| Remove unit | 7 |
| Chat | 5 |
| Item give/drop | 2 |



| Staff of Preservation | 3 | 450 |
| Orb of Venom | 3 | 975 |
| Scroll of Town Portal | 1 | 350 |
| Boots of Speed | 3 | 750 |
| Potion of Lesser Invulnerability | 2 | 300 |
| Staff of Teleportation | 1 | 150 |
| Periapt of Vitality | 1 | 325 |
| total: | 14 | 3300g |
| Wisp | 53 | 3180 | / | 0 |
| Archer | 2 | 260 | / | 20 |
| Chimaera | 3 | 990 | / | 210 |
| Mountain Giant | 2 | 700 | / | 200 |
| Crypt Fiend | 3 | 645 | / | 120 |
| Obsidian Statue | 2 | 400 | / | 70 |
| total: | 65 | 6175g | / | 620w |
| Ancient Protector | 21 | 2835 | / | 1680 |
| Moon Well | 10 | 1800 | / | 400 |
| Altar of Elders | 1 | 180 | / | 50 |
| Ancient of War | 2 | 300 | / | 120 |
| Hunter's Hall | 1 | 210 | / | 100 |
| Ancient of Wonders | 2 | 180 | / | 60 |
| Tree of Life | 5 | 1700 | / | 925 |
| Ancient of Lore | 6 | 930 | / | 870 |
| Chimaera Roost | 4 | 560 | / | 760 |
| Tree of Ages | 1 | 320 | / | 180 |
| Tree of Eternity | 1 | 330 | / | 200 |
| Slaughterhouse | 1 | 140 | / | 135 |
| total: | 53 | 8835g | / | 5100w |
| 0:23 | Wisp |
| 0:23 | Wisp |
| 0:31 | Moon Well |
| 0:34 | Altar of Elders |
| 0:37 | Wisp |
| 0:42 | Wisp |
| 0:58 | Wisp |
| 1:13 | Ancient of War |
| 1:21 | Wisp |
| 1:33 | Ancient of War |
| 1:36 | Wisp |
| 1:45 | Wisp |
| 1:53 | Moon Well |
| 2:09 | Wisp |
| 2:27 | Wisp |
| 2:38 | Archer |
| 2:42 | Mana Burn |
| 2:51 | Wisp |
| 3:09 | Archer |
| 3:20 | Wisp |
| 3:39 | Tree of Ages |
| 3:44 | Hunter's Hall |
| 4:07 | Moon Well |
| 4:38 | Evasion |
| 4:45 | Ultravision |
| 5:12 | Strength of the Wild |
| 5:15 | Ancient of Wonders |
| 5:25 | Tree of Life |
| 6:04 | Ancient Protector |
| 6:19 | Wisp |
| 6:20 | Wisp |
| 6:32 | Breath of Fire |
| 6:46 | Ancient Protector |
| 6:47 | Wisp |
| 6:49 | Wisp |
| 6:49 | Wisp |
| 7:24 | Mana Burn |
| 7:30 | Wisp |
| 7:30 | Wisp |
| 7:33 | Tree of Eternity |
| 7:58 | Wisp |
| 8:03 | Improved Strength of the Wild |
| 8:05 | Wisp |
| 8:11 | Boots of Speed |
| 8:11 | Boots of Speed |
| 8:55 | Wisp |
| 8:55 | Wisp |
| 8:56 | Nature's Blessing |
| 8:59 | Ancient of Lore |
| 9:11 | Drunken Haze |
| 9:23 | Ancient Protector |
| 9:26 | Moon Well |
| 9:29 | Wisp |
| 9:29 | Wisp |
| 10:01 | Well Spring |
| 10:04 | Wisp |
| 10:04 | Wisp |
| 10:11 | Potion of Lesser Invulnerability |
| 10:14 | Staff of Teleportation |
| 10:25 | Summon Hawk |
| 11:27 | Chimaera Roost |
| 11:27 | Chimaera Roost |
| 11:29 | Wisp |
| 11:29 | Wisp |
| 11:31 | Moon Well |
| 11:33 | Moon Well |
| 11:48 | Staff of Preservation |
| 11:48 | Orb of Venom |
| 11:57 | Wisp |
| 11:59 | Chimaera Roost |
| 12:11 | Reinforced Hides |
| 12:46 | Hardened Skin |
| 12:47 | Resistant Skin |
| 12:53 | Moon Well |
| 12:54 | Moon Well |
| 13:01 | Wisp |
| 13:03 | Ancient of Wonders |
| 13:26 | Boots of Speed |
| 13:27 | Periapt of Vitality |
| 13:28 | Potion of Lesser Invulnerability |
| 13:40 | Advanced Strength of the Wild |
| 14:22 | Staff of Preservation |
| 14:24 | Scroll of Town Portal |
| 14:29 | Orb of Venom |
| 14:34 | Summon Quilbeast |
| 14:42 | Ancient of Lore |
| 14:44 | Corrosive Breath |
| 15:11 | Ancient of Lore |
| 15:13 | Chimaera Roost |
| 15:16 | Wisp |
| 15:30 | Chimaera |
| 15:35 | Evasion |
| 15:45 | Breath of Fire |
| 15:52 | Ancient Protector |
| 16:40 | Chimaera |
| 17:16 | Abolish Magic |
| 17:16 | Druid of the Claw Adept Training |
| 17:17 | Improved Reinforced Hides |
| 17:21 | Moon Well |
| 17:22 | Moon Well |
| 17:31 | Chimaera |
| 17:37 | Ancient of Lore |
| 17:40 | Wisp |
| 17:43 | Ancient Protector |
| 17:45 | Ancient Protector |
| 17:49 | Wisp |
| 18:19 | Druid of the Claw Master Training |
| 18:57 | Ancient Protector |
| 19:00 | Ancient Protector |
| 19:03 | Tree of Life |
| 19:06 | Ancient Protector |
| 19:09 | Ancient Protector |
| 19:11 | Wisp |
| 19:11 | Wisp |
| 19:12 | Wisp |
| 19:12 | Wisp |
| 19:12 | Wisp |
| 19:18 | Orb of Venom |
| 19:32 | Ancient Protector |
| 20:13 | Tree of Life |
| 20:18 | Ancient Protector |
| 20:25 | Tree of Life |
| 20:31 | Ancient Protector |
| 20:56 | Ancient Protector |
| 20:58 | Ancient Protector |
| 21:17 | Ancient Protector |
| 21:20 | Wisp |
| 21:20 | Wisp |
| 21:20 | Wisp |
| 21:20 | Wisp |
| 22:51 | Wisp |
| 22:52 | Wisp |
| 22:52 | Wisp |
| 22:52 | Wisp |
| 22:52 | Wisp |
| 22:54 | Ancient Protector |
| 23:05 | Staff of Preservation |
| 23:27 | Ancient of Lore |
| 23:31 | Ancient of Lore |
| 25:41 | Mountain Giant |
| 25:45 | Wisp |
| 25:45 | Wisp |
| 25:45 | Wisp |
| 25:45 | Wisp |
| 25:45 | Wisp |
| 26:07 | Crypt Fiend |
| 26:12 | Creature Attack |
| 26:13 | Creature Carapace |
| 26:20 | Slaughterhouse |
| 26:22 | Obsidian Statue |
| 26:41 | Crypt Fiend |
| 26:56 | Obsidian Statue |
| 26:57 | Tree of Life |
| 26:59 | Ancient Protector |
| 27:01 | Ancient Protector |
| 27:04 | Ancient Protector |
| 27:05 | Ancient Protector |
| 27:20 | Impale |
| 27:25 | Crypt Fiend |
| 27:57 | Mountain Giant |
| Right click | 736 |
| Select | 558 |
| Select group | 382 |
| Misc. action | 169 |
| Build/train/purchase | 157 |
| Use ability | 65 |
| Assign group | 20 |
| Esc | 9 |
| Item give/drop | 5 |
| Minimap ping | 4 |
⇛